 Dungeon Crawl Stone Soup version 0.27-a0-1144-g0b7d3b79db (webtiles) character file.

Game seed: 6118748150709596255

5327 gruber the Thaumaturge (level 10, -1/49 (50) HPs)
             Began as a Deep Elf Earth Elementalist on May 10, 2021.
             Was an Initiate of Vehumet.
             Slain by a killer bee (4 damage)
             ... on level 7 of the Dungeon.
             The game lasted 00:11:27 (10193 turns).

gruber the Thaumaturge (DEEE)                      Turns: 10193, Time: 00:11:28

HP:   -1/49 (50)    AC:  7    Str:  5    XL:     10   Next: 38%
MP:   26/29         EV: 13    Int: 30    God:    Vehumet [......]
Gold: 240           SH:  0    Dex: 15    Spells: 27/35 levels left

rFire    . . .     SeeInvis .   A - staff of earth
rCold    . . .     Faith    .   (no shield)
rNeg     . . .     Spirit   .   c - +0 robe
rPois    .         Reflect  .   p - +2 helmet
rElec    .         Harm     .   w - +0 cloak
rCorr    .         Rampage  .   f - +0 pair of gloves
Will     +....                  (no boots)
Stlth    ++........             (no amulet)
HPRegen  0.16/turn              v - ring of flight
MPRegen  0.21/turn              C - +6 ring of intelligence

@: lethally poisoned (-1 -> -8), flying, studying Air Magic, lightly drained
A: no striking features
a: Renounce Religion


You were on level 7 of the Dungeon.
You worshipped Vehumet.
Vehumet was noncommittal.
You visited 2 branches of the dungeon, and saw 9 of its levels.
You also visited: Sewer.

You collected 465 gold pieces.
You spent 225 gold pieces at shops.

Inventory:

Hand Weapons
 a - a +2 vorpal hunting sling
 k - a +2 vampiric dagger
 H - a +5 mace
 I - the +7 rapier "Mykiame" {antimagic, Int+3}
   (You bought it in a shop on level 7 of the Dungeon)

   It reduces the magical energy of the wielder, and disrupts the spells and
   magical abilities of those hit.
   Natural abilities and divine invocations are not affected.
   It affects your intelligence (+3).
Missiles
 b - 282 stones
Armour
 c - a +0 robe (worn)
 f - a +0 pair of gloves (worn)
 p - a +2 helmet (worn)
 w - a +0 cloak (worn)
Magical Staves
 A - a staff of earth (weapon)
Jewellery
 g - a ring of fire
 v - a ring of flight (left hand)
 C - a +6 ring of intelligence (right hand)
Wands
 o - a wand of flame (16)
 r - a wand of iceblast (16)
 y - a wand of polymorph (1)
 D - a wand of charming (8)
Scrolls
 e - 2 scrolls of fear {unknown}
 h - a scroll of noise {unknown}
 i - a scroll of acquirement {unknown}
 j - 5 scrolls of enchant weapon {unknown}
 l - 9 scrolls of identify {unknown}
 m - 3 scrolls of amnesia {unknown}
 q - 2 scrolls of holy word {unknown}
 t - 2 scrolls of teleportation {unknown}
 z - 2 scrolls of blinking {unknown}
 B - a scroll of silence {unknown}
 E - a scroll of fog {unknown}
Potions
 d - 5 potions of haste {unknown}
 n - 3 potions of flight {unknown}
 s - 4 potions of curing
 u - 3 potions of heal wounds {unknown}
 x - 3 potions of might {unknown}
 F - a potion of attraction {unknown}
 G - a potion of ambrosia {unknown}


   Skills:
 - Level 0.1 Long Blades
 - Level 0.1 Crossbows
 * Level 3.9 Dodging
 - Level 2.4 Stealth
 - Level 13.0 Spellcasting
 - Level 10.1 Conjurations
 - Level 0.1 Hexes
 - Level 1.1 Transmutations
 - Level 8.0 Earth Magic
 - Level 0.1 Invocations


You had 27 spell levels left.
You knew the following spells:

 Your Spells              Type           Power      Damage    Failure   Level
a - Sandblast             Erth           100%       2d20      1%          1
b - Stone Arrow           Conj/Erth      100%       3d13      1%          3
c - Petrify               Tmut/Erth      63%        N/A       4%          4

Your spell library contained the following spells:

 Spells                   Type           Power      Damage    Failure   Level
 Passwall                 Tmut/Erth      52%        N/A       1%          2
 Animate Skeleton         Necr           40%        N/A       2%          1
 Corona                   Hex            22%        N/A       2%          1
 Pain                     Necr           80%        1d8       2%          1
 Lee's Rapid Deconstruct  Erth           39%        3d20*     2%          5
 Slow                     Hex            20%        N/A       3%          2
 Leda's Liquefaction      Hex/Erth       30%        N/A       4%          4
 Confusing Touch          Hex            20%        N/A       8%          3
 Gell's Gravitas          Tloc           9%         N/A       8%          3
 Inner Flame              Hex/Fire       20%        N/A       8%          3
 Portal Projectile        Hex/Tloc       40%        N/A       8%          3
 Vampiric Draining        Necr           10%        2d7       8%          3
 Animate Dead             Necr           10%        N/A       24%         4
 Cause Fear               Hex            10%        N/A       24%         4
 Yara's Violent Unravell  Hex/Tmut       11%        3d6       50%         5
 Agony                    Necr           20%        N/A       56%         5
 Metabolic Englaciation   Hex/Ice        10%        N/A       56%         5


Dungeon Overview and Level Annotations

Branches:
Dungeon (8/15)             Temple (1/1) D:7           Sewer (visited)
   Lair: D:8-11

Altars:
Cheibriados
Dithmenos
Elyvilon
Fedhas
Gozag
Hepliaklqana
Kikubaaqudgha
Makhleb
Nemelex Xobeh
Okawaru
Qazlal
Ru
Trog
Uskayaw
Vehumet
Wu Jian
Xom
Zin
The Shining One

Shops:
D:4 [   D:7 (

Annotations:
D:7 5 runed translucent doors


Message History

The blast of sand misses the killer bee.
b - 284 stones The killer bee barely misses you.
The killer bee misses you. The killer bee stings you!
The killer bee stings you. The killer bee closely misses you.
The killer bee barely misses you.
Unknown command.
Casting: Sandblast (safe; 1% risk of failure)
Confirm with . or Enter, or press ? or * to list all spells.
Aiming: Sandblast (safe; 1% risk of failure)
Press: ? - help, Shift-Dir - straight line, f - killer bee, p - killer bee
Aim: a killer bee (67% to hit)
You feel a surge of power!
The blast of sand misses the killer bee.
The blast of sand hits the killer bee!!
You kill the killer bee!
Vehumet accepts your kill.
b - 283 stones The killer bee stings you.
You are poisoned.
The killer bee poisons you!
The killer bee stings you but does no damage.
The killer bee closely misses you. The killer bee barely misses you.
The killer bee stings you but does no damage.
The killer bee barely misses you.
Casting: Sandblast (safe; 1% risk of failure)
Confirm with . or Enter, or press ? or * to list all spells.
Aiming: Sandblast (safe; 1% risk of failure)
Press: ? - help, Shift-Dir - straight line, f - killer bee
Aim: a killer bee (67% to hit)
You feel a surge of power!
The blast of sand hits the killer bee!!
You kill the killer bee!
Vehumet accepts your kill.
b - 282 stones You feel very sick.
The killer bee stings you.
* * * LOW HITPOINT WARNING * * *
The killer bee stings you.
* * * LOW HITPOINT WARNING * * *
The killer bee stings you.
You die...

.##.###.....#
.##.#.......#
...[)[......#
#...#.#.....######
.####.#.......<..# .#
#.###..##....# .####.#
#........# .#....#
#.###...y######
.#.#### #.#
##.#@y....# .#.# #.#
#.######.# ##.#
##.####.# #.#
#.#####...##..# #.#
#.##....#....## #.#
#.##.#.......# #.#
#.##...###...# #.#
#.##.#.# #...# #.#
#.##...###...#######.#


You could see 2 killer bees.

Vanquished Creatures
  Harold (D:7)
  Joseph (D:7)
  Maggie (D:7)
  Sigmund (D:3)
  A steam dragon (D:4)
  Menkaure (D:5)
  Edmund (D:5)
  5 water moccasins
  Duvessa (D:5)
  2 necrophages (D:6)
  2 orc warriors
  2 black bears
  An ogre (D:4)
  4 centaurs
  2 phantoms
  A gnoll sergeant (D:7)
  4 bullfrogs
  3 scorpions
  Dowan (D:5)
  A water moccasin zombie (D:5)
  A water moccasin skeleton (D:5)
  5 wights (D:7)
  2 killer bees (D:7)
  2 howler monkeys (D:8)
  A centaur zombie (D:8)
  A hound (D:3)
  3 jellies
  3 orc priests
  A centaur skeleton (D:6)
  4 iguanas
  Ijyb (D:3)
  An orc wizard (D:5)
  A mummy (D:5)
  Robin (D:2)
  A howler monkey skeleton (D:6)
  8 gnolls
  9 adders
  2 white imps
  An ufetubus (D:4)
  An adder skeleton (D:4)
  3 dart slugs
  25 orcs
  13 ball pythons
  15 endoplasms
  17 giant cockroaches
  24 goblins
  7 hobgoblins
  13 jackals
  13 kobolds
  12 quokkas
  8 bats
  9 frilled lizards
  2 hobgoblin zombies (D:5)
  7 rats
253 creatures vanquished.

Vanquished Creatures (others)
  5 dream sheep (D:5)
  A withered plant (D:8)
6 creatures vanquished.

Grand Total: 259 creatures vanquished

Notes
Turn   | Place    | Note
-------+----------+-------------------------------------------
     0 | D:1      | gruber the Deep Elf Earth Elementalist began the quest for
                  | the Orb.
     0 | D:1      | Reached XP level 1. HP: 10/10 MP: 6/6
   297 | D:1      | Reached XP level 2. HP: 15/15 MP: 8/8
   737 | D:1      | Reached XP level 3. HP: 19/19 MP: 9/9
   935 | D:2      | Noticed a phantom
   953 | D:2      | Killed a phantom
   954 | D:2      | Reached XP level 4. HP: 11/24 MP: 2/10
  1514 | D:2      | Reached XP level 5. HP: 28/28 MP: 11/11
  1532 | D:2      | Found a glowing silver altar of Zin.
  1705 | D:2      | Noticed Robin
  1716 | D:2      | Killed Robin
  2098 | D:3      | Noticed Sigmund
  2108 | D:3      | Killed Sigmund
  2109 | D:3      | Reached XP level 6. HP: 28/32 MP: 7/12
  2297 | D:3      | Learned a level 3 spell: Stone Arrow
  2302 | D:3      | Learned a level 4 spell: Petrify
  2505 | D:3      | Noticed Ijyb
  2511 | D:3      | Killed Ijyb
  2512 | D:3      | Reached skill level 4 in Spellcasting
  3374 | D:4      | Reached skill level 5 in Spellcasting
  3374 | D:4      | Reached XP level 7. HP: 36/36 MP: 12/17
  3493 | D:4      | Reached skill level 6 in Spellcasting
  3628 | D:4      | Found a glowing golden altar of the Shining One.
  3646 | D:4      | Found a sparkling altar of Nemelex Xobeh.
  3647 | D:4      | Found a hide-covered altar of Uskayaw.
  3744 | D:4      | Reached skill level 1 in Conjurations
  3910 | D:4      | Noticed a steam dragon
  3915 | D:4      | Killed a steam dragon
  4366 | D:4      | Found Erooz's Antique Armour Emporium.
  4435 | D:5      | Entered Level 5 of the Dungeon
  4438 | D:5      | Reached skill level 5 in Conjurations
  4438 | D:5      | Reached XP level 8. HP: 41/41 MP: 12/19
  4558 | D:5      | Noticed Edmund
  4560 | D:5      | Noticed Menkaure
  4656 | D:5      | Found a shadowy altar of Dithmenos.
  4680 | D:5      | Found a stormy altar of Qazlal.
  4777 | D:5      | Killed Edmund
  4867 | D:5      | Found a glowing drain.
  4876 | Sewer    | Entered a sewer
  5664 | D:5      | Killed Menkaure
  5736 | D:5      | Found an ancient bone altar of Kikubaaqudgha.
  5836 | D:5      | Found a sacrificial altar of Ru.
  6003 | D:5      | Noticed Duvessa
  6004 | D:5      | Noticed Dowan
  6006 | D:5      | Killed Duvessa
  6008 | D:5      | Killed Dowan
  6421 | D:5      | Reached XP level 9. HP: 31/45 MP: 16/20
  6568 | D:5      | Found a shimmering altar of Xom.
  6853 | D:6      | Reached skill level 10 in Conjurations
  7233 | D:6      | Found an opulent altar of Gozag.
  7261 | D:6      | Reached skill level 7 in Spellcasting
  7442 | D:6      | Reached skill level 8 in Spellcasting
  7812 | D:7      | Reached skill level 9 in Spellcasting
  7972 | D:7      | Found a staircase to the Ecumenical Temple.
  8185 | D:7      | Found Quojuino's Antique Weapon Boutique.
  8196 | D:7      | Reached skill level 10 in Spellcasting
  8209 | D:7      | Bought a masterwork rapier for 225 gold pieces
  8209 | D:7      | Identified the +7 rapier "Mykiame" {antimagic, Int+3} (You
                  | bought it in a shop on level 7 of the Dungeon)
  8311 | D:7      | Noticed Joseph
  8321 | D:7      | Killed Joseph
  8390 | D:7      | Reached skill level 11 in Spellcasting
  8612 | D:7      | Found the +9 staff of Olgreb {rPois∞}
  8615 | D:7      | Found a runed translucent door.
  8621 | D:7      | Noticed Maggie
  8628 | D:7      | Found a runed translucent gate.
  8629 | D:7      | Found a runed translucent door.
  8656 | D:7      | Reached XP level 10. HP: 50/50 MP: 9/27
  8799 | D:7      | Found a glowing silver altar of Zin.
  8823 | D:7      | Noticed Harold
  8834 | D:7      | Killed Harold
  8835 | D:7      | Reached skill level 12 in Spellcasting
  9051 | D:7      | Found a runed translucent gate.
  9175 | D:7      | Found a runed translucent gate.
  9411 | D:7      | Killed Maggie
  9650 | D:7      | Reached skill level 13 in Spellcasting
  9846 | Temple   | Entered the Ecumenical Temple
  9971 | Temple   | Became a worshipper of Vehumet
 10055 | D:8      | Noticed a boulder beetle
 10193 | D:7      | Slain by a killer bee

Illustrated notes

Levels and vault maps discovered:
D:1:      dpeg_arrival_rhombus, layout_rooms, minmay_door_square,
          glass_columns_b
D:2:      layout_basic, basic_altar, nicolae_underground_beach, uniq_robin
D:3:      layout_basic, uniq_sigmund, uniq_ijyb
D:4:      layout_loops_ring, minitemple, serial_shops, nicolae_shop_stone,
          minmay_goblin_kobold_house
D:5:      layout_layer_cave, overflow_temple_1_default,
          nicolae_ru_sacrificial_ziggurat, grunt_dithmenos_smoke,
          kb_xom_exploding_sheep, nicolae_qazlal_scattered_showers,
          nicolae_ossuary_entry_giza, portal_sewer_entry_d, uniq_edmund,
          uniq_duvessa, uniq_menkaure
D:6:      layout_rooms, nicolae_gozag_cash_rules_everything_around_me
D:7:      layout_loops_ring, nicolae_overflow_crystal_walls,
          minmay_temple_entry_statues_pillars, serial_shops,
          nicolae_shop_waterfront, enter_bailey_5, nrook_loot_triangle,
          minmay_guarded_unrand_staff_of_olgreb, uniq_harold, uniq_joseph,
          uniq_maggie
D:8:      layout_rooms, serial_undead, serial_undead_b, serial_undead_d,
          serial_undead_f, serial_undead_b, roderic_st_hans_cross,
          minmay_statues_item
Temple:   nicolae_temple_figure_zero

Skill      XL: |  1  2  3  4  5  6  7  8  9 10 |
---------------+-------------------------------+-----
Earth Magic    | 4 6 7 8 |  8.0
Spellcasting   | 5 6 11 13 | 13.0
Conjurations   | 5 9 10 | 10.1
Dodging        | 3 |  3.9
Long Blades    | |  0.1
Crossbows      | |  0.1
Stealth        | |  2.4
Hexes          | |  0.1
Transmutations | |  1.1
Invocations    | |  0.1

Action                   |  1- 3 |  4- 6 |  7- 9 | 10-12 || total
-------------------------+-------+-------+-------+-------++-------
Melee: Staff             |       |       |    13 |       ||    13
 Fire: Hunting sling     |    71 |   136 |   169 |       ||   376
Throw: Stone             |       |       |     1 |       ||     1
 Cast: Sandblast         |    18 |    38 |       |     3 ||    59
       Stone Arrow       |       |       |   136 |    27 ||   163
Armor: Robe              |     8 |    20 |    30 |     4 ||    62
Dodge: Dodged            |    30 |    44 |    62 |    20 ||   156

Table legend: (Time is in decaauts)
 A = Elapsed time spent in this place.
 B = Non-inter-level travel time spent in this place.
 C = Inter-level travel time spent in this place.
 D = Time resting spent in this place.
 E = Time spent auto-exploring this place.
 F = Levels seen in this place.
 G = Mean time per level.
                   A        B        C        D        E       F      G
               +--------+--------+--------+--------+--------+-----+--------+
         Total |  10254 |   9941 |    313 |    303 |   8199 |  10 | 1025.4 |
       Dungeon |   9315 |   9027 |    288 |    303 |   7467 |   8 | 1164.4 |
        Temple |    136 |    111 |     25 |      0 |    110 |   1 |  136.0 |
         Sewer |    802 |    802 |      0 |      0 |    622 |   1 |  802.0 |
               +--------+--------+--------+--------+--------+-----+--------+

Top non-repeatable levels by time:
     D:7: 2175 daAuts
     D:4: 1531 daAuts
     D:5: 1439 daAuts
     D:1: 1096 daAuts
     D:6: 1037 daAuts
     D:2: 1015 daAuts
     D:3: 936 daAuts
   Sewer: 802 daAuts
  Temple: 136 daAuts
     D:8: 83 daAuts
